 Dungeon Crawl Stone Soup version 0.29-a0-231-g945431f764 (webtiles) character file.

Game seed: 14133264909194930578

1161 siradein the Purveyor of Pain (level 8, -2/68 HPs)
             Began as a Deep Dwarf Necromancer on Mar 1, 2022.
             Was an Initiate of Kikubaaqudgha.
             Shot with an arrow by a centaur (7 damage)
             ... on level 6 of the Dungeon.
             The game lasted 00:26:49 (6888 turns).

siradein the Purveyor of Pain (DDNe)                Turns: 6888, Time: 00:26:49

Health: -2/68      AC:  4    Str: 12    XL:     8   Next: 16%
Magic:  13/13      EV: 12    Int: 18    God:    Kikubaaqudgha [......]
Gold:   141        SH:  0    Dex: 13    Spells: 2/14 levels left

rFire   . . .      SeeInvis .   A - +2 whip (freeze)
rCold   . . .      Faith    .   (no shield)
rNeg    . . .      Spirit   .   p - +0 leather armour
rPois   .          Reflect  .   (no helmet)
rElec   .          Harm     .   (no cloak)
rCorr   .          Rampage  .   (no gloves)
Will    +....                   m - +0 pair of boots
Stlth   ++........              (no amulet)
HPRegen 0.00/turn               (no ring)
MPRegen 0.13/turn               (no ring)

@: no status effects
A: damage resistance, heal wounds, sense surroundings 1, no regeneration
a: Heal Wounds, Renounce Religion


You were on level 6 of the Dungeon.
You worshipped Kikubaaqudgha.
Kikubaaqudgha was noncommittal.
You visited 2 branches of the dungeon, and saw 7 of its levels.

You collected 369 gold pieces.
You spent 228 gold pieces at shops.

Inventory:

Hand Weapons
 s - a +0 mace of draining
 A - a +2 whip of freezing (weapon)
Armour
 m - a +0 pair of boots (worn)
 p - a +0 leather armour (worn)
Jewellery
 f - a ring of ice
 q - an amulet of guardian spirit
Scrolls
 a - a scroll of immolation {unknown}
 b - a scroll of amnesia {unknown}
 d - a scroll of summoning
 e - a scroll of magic mapping {unknown}
 g - 2 scrolls of enchant weapon
 i - 2 scrolls of vulnerability {unknown}
 k - a scroll of enchant armour {unknown}
 o - a scroll of blinking {unknown}
 r - 2 scrolls of teleportation
 x - a scroll of fog {unknown}
 y - a scroll of noise {unknown}
 B - a scroll of holy word {unknown}
Potions
 c - 5 potions of curing
 h - a potion of brilliance
 j - 3 potions of lignification
 l - 2 potions of mutation {unknown}
 n - 4 potions of invisibility
 u - a potion of might {unknown}
 v - a potion of haste
 w - a potion of flight
 z - a potion of heal wounds {unknown}


   Skills:
 + Level 2.7 Fighting
 + Level 4.0 Dodging
 - Level 2.4 Stealth
 + Level 3.7 Spellcasting
 + Level 1.7 Conjurations
 * Level 8.7 Necromancy
 + Level 2.7 Earth Magic


You had 2 spell levels left.
You knew the following spells:

 Your Spells              Type           Power      Damage    Failure   Level
a - Pain                  Necr           100%       1d9       1%          1
b - Vampiric Draining     Necr           34%        2d8       1%          3
c - Agony                 Necr           34%        N/A       16%         5
d - Stone Arrow           Conj/Erth      22%        3d8       24%         3

Your spell library contained the following spells:

 Spells                   Type           Power      Damage    Failure   Level
 Animate Skeleton         Necr           68%        N/A       1%          1
 Sandblast                Erth           26%        2d8       6%          1
 Magic Dart               Conj           36%        1d4       10%         1
 Passwall                 Tmut/Erth      6%         N/A       17%         2
 Blink                    Tloc           6%         N/A       28%         2
 Call Imp                 Summ           3%         N/A       28%         2
 Ensorcelled Hibernation  Hex/Ice        6%         N/A       28%         2
 Animate Dead             Necr           17%        N/A       5%          4
 Anguish                  Hex/Necr       9%         N/A       32%         4
 Conjure Flame            Conj/Fire      6%         6-21      38%         3
 Mephitic Cloud           Conj/Pois/Air  5%         N/A       41%         3
 Ignite Poison            Fire/Tmut/Pois 3%         N/A       50%         3
 Spider Form              Tmut/Pois      3%         N/A       50%         3
 Sticky Flame             Conj/Fire      6%         2d3       80%         4
 Manifold Assault         Tloc           3%         N/A       99%         5
 Storm Form               Tmut/Air       1%         N/A       100%        7


Dungeon Overview and Level Annotations

Branches:
Dungeon (6/15)             Temple (1/1) D:5

Altars:
Ashenzari
Elyvilon
Fedhas
Gozag
Kikubaaqudgha
Makhleb
Nemelex Xobeh
Okawaru
Trog
Wu Jian
Xom
Yredelemnul
Zin

Shops:
D:4 !


Innate Abilities, Weirdness & Mutations

You are resistant to damage.
You can heal yourself by infusing magical energy.
You passively map a small area around you.
You do not regenerate.


Message History

A centaur comes into view.
You hit the phantom.
The phantom is moderately damaged.
The phantom barely misses you.
You barely miss the phantom.
The phantom is moderately damaged.
The centaur shouts!
The phantom hits you.
You hit the phantom.
The phantom is moderately damaged.
The centaur wields a +0 shortbow.
The centaur shoots an arrow.
The arrow hits you. The phantom hits you.
The centaur shoots an arrow.
The arrow barely misses you. The phantom hits you!
The phantom blinks!
You blink.
The centaur shoots an arrow.
The arrow barely misses you. The phantom hits you.
The phantom blinks!
You blink.
The orc wizard hits you with a +0 dagger.
The centaur shoots an arrow.
The arrow hits you!
The orc wizard mumbles some strange words.
The orc wizard flickers and vanishes!
Deactivating autopickup; reactivate with Ctrl-A.
There is an open door here.
The phantom hits you but does no damage.
The phantom hits you!
The phantom blinks!
You blink.
The centaur shoots an arrow.
The arrow hits you!
* * * LOW HITPOINT WARNING * * *
The phantom barely misses you.
You barely miss something.
You hear some strange, mumbled words.
A puff of flame appears from out of thin air!
The puff of flame hits you. The phantom hits you.
* * * LOW HITPOINT WARNING * * *
The phantom blinks!
You blink.
The centaur shoots an arrow.
The arrow barely misses you.
The centaur shoots an arrow.
The arrow hits you!
* * * LOW HITPOINT WARNING * * *
The phantom hits you but does no damage.
The centaur shoots an arrow.
The arrow hits you!
You die...
Kikubaaqudgha rasps: "You have failed me!
Welcome... death!"

, ,###.#.......# * .., ,
+.....<.# ##########.##
###..##.###...........#.
,,+.......................
, ####.######.#...<### *
#..#####'#..........., *
#.......c..#########
*#######............... ,
* #.............@..######
#..............W.......,
#...........!..........
#......................, ,
,,+..................####*
#..c.............#.#* *
#....!..............# ,
#...................# *
#............##+#...#, ,


You could see a phantom and a centaur.

Vanquished Creatures
  Pikel (Temple)
  3 ogres (D:5)
  A phantom (D:5)
  A scorpion (D:4)
  2 hounds (D:5)
  An iguana (D:5)
  Terence (D:3)
  A gnoll (D:4)
  7 adders
  A shadow imp (D:5)
  2 ufetubi
  A worm (D:1)
  3 dart slugs
  13 orcs
  7 ball pythons
  A bat (D:3)
  8 endoplasms
  2 giant cockroaches (D:2)
  6 hobgoblins
  3 jackals (D:2)
  3 quokkas (D:2)
  4 frilled lizards
  4 goblins
  4 kobolds
  4 rats
  A spectral goblin (D:1)
85 creatures vanquished.

Notes
Turn   | Place    | Note
-------+----------+-------------------------------------------
     0 | D:1      | siradein the Deep Dwarf Necromancer began the quest for the
                  | Orb.
     0 | D:1      | Reached XP level 1. HP: 15/15 MP: 3/3
   333 | D:1      | Found a faded altar of an unknown god.
   476 | D:1      | Reached XP level 2. HP: 20/22 MP: 1/4
   722 | D:1      | Reached skill level 5 in Necromancy
  1560 | D:2      | Reached XP level 3. HP: 24/28 MP: 0/5
  1572 | D:2      | Learned a level 3 spell: Vampiric Draining
  2496 | D:1      | Reached skill level 6 in Necromancy
  2911 | D:3      | Reached XP level 4. HP: 34/36 MP: 2/6
  3448 | D:3      | Noticed Terence
  3461 | D:3      | Killed Terence
  4063 | D:4      | Noticed a scorpion
  4142 | D:4      | Reached XP level 5. HP: 35/42 MP: 2/8
  4307 | D:4      | Reached skill level 7 in Necromancy
  4578 | D:4      | Noticed a steam dragon
  4604 | D:4      | Found Heeppy's Distillery.
  4612 | D:4      | Bought a potion of curing for 36 gold pieces
  4612 | D:4      | Bought a potion of haste for 120 gold pieces
  4612 | D:4      | Bought a potion of flight for 36 gold pieces
  4612 | D:4      | Bought a potion of lignification for 36 gold pieces
  5137 | D:5      | Entered Level 5 of the Dungeon
  5192 | D:5      | Learned a level 5 spell: Agony
  5233 | D:5      | Reached XP level 6. HP: 50/50 MP: 3/10
  5335 | D:5      | Reached skill level 1 in Fighting
  5636 | D:5      | Found an opulent altar of Gozag.
  5651 | D:5      | Reached XP level 7. HP: 58/58 MP: 0/11
  5655 | D:5      | Learned a level 3 spell: Stone Arrow
  5784 | D:5      | Found a staircase to the Ecumenical Temple.
  5795 | Temple   | Entered the Ecumenical Temple
  6033 | Temple   | Became a worshipper of Kikubaaqudgha
  6096 | D:5      | Noticed Pikel
  6188 | Temple   | Killed Pikel
  6189 | Temple   | Reached skill level 1 in Conjurations
  6189 | Temple   | Reached skill level 8 in Necromancy
  6326 | D:5      | Reached XP level 8. HP: 45/68 MP: 3/13
  6888 | D:6      | Shot with an arrow by a centaur

Illustrated notes

Levels and vault maps discovered:
D:1:      minmay_arrival_three_doors, layout_loops_cross,
          dreamdust_ecumenical_altar_drowned_temple
D:2:      layout_loops_corners
D:3:      layout_basic, uniq_terence
D:4:      layout_basic, serial_shops, shop_statue,
          minmay_misc_feat_more_columns, minmay_circle_x
D:5:      layout_gridville, nicolae_gozag_seed_capital,
          minmay_temple_entry_mini_moons, uniq_pikel
D:6:      layout_basic, gammafunk_ghost_stat_death
Temple:   mainiacjoe_temple_trianglar_array

Skill      XL: |  1  2  3  4  5  6  7  8 |
---------------+-------------------------+-----
Necromancy     | 5 6 7 8 |  8.7
Spellcasting   | 2 3 |  3.7
Fighting       | 1 2 |  2.7
Dodging        | 3 4 |  4.0
Conjurations   | 1 |  1.7
Earth Magic    | 2 |  2.7
Stealth        | |  2.4

Action                   |  1- 3 |  4- 6 |  7- 9 || total
-------------------------+-------+-------+-------++-------
Melee: Short sword       |    19 |     3 |       ||    22
       Mace              |       |    18 |     6 ||    24
       Whip              |       |       |    14 ||    14
 Cast: Pain              |    89 |    67 |     7 ||   163
       Vampiric Draining |     7 |    13 |    16 ||    36
  Use: Scroll            |       |     1 |     3 ||     4
 Stab: Sleeping          |       |     1 |       ||     1
Armor: Robe              |     3 |       |       ||     3
       Leather armour    |       |    10 |    12 ||    22
Dodge: Dodged            |    27 |    32 |    29 ||    88

Table legend: (Time is in decaauts)
 A = Elapsed time spent in this place.
 B = Non-inter-level travel time spent in this place.
 C = Inter-level travel time spent in this place.
 D = Time resting spent in this place.
 E = Time spent auto-exploring this place.
 F = Levels seen in this place.
 G = Mean time per level.
                   A        B        C        D        E       F      G
               +--------+--------+--------+--------+--------+-----+--------+
         Total |   6916 |   6856 |     60 |    669 |   4523 |   7 |  988.0 |
       Dungeon |   6467 |   6412 |     55 |    584 |   4295 |   6 | 1077.8 |
        Temple |    449 |    444 |      5 |     85 |    228 |   1 |  449.0 |
               +--------+--------+--------+--------+--------+-----+--------+

Top non-repeatable levels by time:
     D:2: 1546 daAuts
     D:3: 1306 daAuts
     D:5: 1271 daAuts
     D:1: 1205 daAuts
     D:4: 1092 daAuts
  Temple: 449 daAuts
     D:6: 45 daAuts
